 Dungeon Crawl Stone Soup version 0.22-a0-142-g91cc6d7 (webtiles) character file.

59 theanonym the Skirmisher (level 3, -1/29 HPs)
             Began as a Mummy Chaos Knight on Feb 5, 2018.
             Slain by Sigmund
             ... wielding a +0 scythe
              (7 damage)
             ... on level 2 of the Dungeon.
             The game lasted 00:02:14 (1278 turns).

theanonym the Skirmisher (Mummy Chaos Knight)       Turns: 1278, Time: 00:02:15

Health: -1/29      AC:  5    Str: 16    XL:     3   Next: 78%
Magic:  0/3        EV: 10    Int: 11    God:    Xom [....*.]
Gold:   46         SH:  0    Dex: 13    Spells: 2/2 levels left

rFire    x . .     SeeInvis +   a - +0 mace (chaos)
rCold    + . .     Gourm    .   (no shield)
rNeg     + + +     Faith    .   g - +0 ring mail
rPois    ∞         Spirit   +   (no helmet)
rElec    .         Reflect  .   (no cloak)
rCorr    .         Harm     .   (no gloves)
MR       .....                  (no boots)
Stlth    +.........             k - amulet of guardian spirit
HPRegen  0.09/turn              c - +2 ring of dexterity
MPRegen  0.08/turn              d - ring of see invisible

@: no status effects
A: no food or potions, fire vulnerability, cold resistance 1, negative energy
resistance 3, torment resistance, unbreathing
a: Renounce Religion


Innate Abilities, Weirdness & Mutations

You do not eat or drink.
Your flesh is vulnerable to fire.
You are immune to poison.
Your flesh is cold resistant. (rC+)
You are immune to negative energy. (rN+++)
You are immune to unholy pain and torment.
You can survive without breathing.


   Skills:
 + Level 3.6 Fighting
 * Level 3.5 Maces & Flails
 - Level 1.5 Armour
 - Level 0.7 Dodging


You had 2 spell levels left.
You didn't know any spells.

Skill      XL: |  1  2 |
---------------+-------+-----
Maces & Flails | 3 |  3.5
Fighting       | |  3.6
Armour         | |  1.5
Dodging        | |  0.7

Action                   || total
-------------------------++-------
Melee: Mace              ||   106
 Stab: Sleeping          ||     1
Armor: Ring mail         ||    41
       Leather armour    ||    13
Dodge: Dodged            ||    88

Inventory:

Hand Weapons
 a - a +0 mace of chaos (weapon)
Armour
 b - a +2 leather armour
 g - a +0 ring mail (worn)
   (You found it on level 1 of the Dungeon)
Jewellery
 c - a +2 ring of dexterity (left hand)
   (You found it on level 1 of the Dungeon)
 d - a ring of see invisible (right hand)
   (You found it on level 1 of the Dungeon)
 j - an uncursed ring of ice
   (You found it on level 1 of the Dungeon)
 k - an amulet of guardian spirit (around neck)
   (You found it on level 1 of the Dungeon)
Scrolls
 e - a scroll of fog {unknown}
 f - a scroll of teleportation {unknown}
 h - a scroll of immolation {unknown}
 i - a scroll of blinking {unknown}


You were on level 2 of the Dungeon.
You worshipped Xom.
You were a beloved toy of Xom.
You were not hungry.

You visited 1 branch of the dungeon, and saw 2 of its levels.

You collected 46 gold pieces.

Dungeon Overview and Level Annotations

Branches:
Dungeon (2/15)

Altars:

Annotations:
D:2 Sigmund

######.#.##.#
#<# #.#.##.#
#.#
#.####.#.##.#
#.#
#...†..#.##.#
#.# #
########.##.#
#.#.#
.........##.#
#.#. ∆
###########.#
#g. #.# #@#
#.####@#
#......#
######.# ###


You could see Sigmund and a goblin.

Notes
Turn   | Place    | Note
-------+----------+-------------------------------------------
     0 | D:1      | theanonym the Mummy Chaos Knight began the quest for the Orb.
     0 | D:1      | Reached XP level 1. HP: 18/18 MP: 1/1
    46 | D:1      | Reached XP level 2. HP: 24/24 MP: 2/2
   296 | D:1      | XOM: harmless Ice miscast
   307 | D:1      | XOM: god gift: great mace {god gift}
   503 | D:1      | Reached skill level 3 in Maces & Flails
   684 | D:1      | Reached XP level 3. HP: 29/29 MP: 3/3
  1066 | D:2      | HP: 14/29 [adder (5)]
  1271 | D:2      | Noticed Sigmund
  1276 | D:2      | HP: 9/29 [Sigmund/scythe (9)]
  1278 | D:2      | XOM: divination: detect items
  1278 | D:2      | Slain by Sigmund

Vanquished Creatures
  2 adders (D:2)
  An ooze (D:1)
  A dart slug (D:1)
  A leopard gecko (D:1)
  2 giant cockroaches (D:1)
  2 goblins (D:1)
  5 hobgoblins (D:1)
  7 jackals
  5 bats (D:1)
  A frilled lizard (D:1)
  3 kobolds (D:1)
  A rat (D:1)
31 creatures vanquished.

Table legend:
 A = Turns spent in this place as a percentage of turns spent in the entire game.
 B = Non-inter-level travel turns spent in this place as a percentage of non-inter-level travel turns spent in the entire game.
 C = Inter-level travel turns spent in this place as a percentage of turns spent in this place.
 D = Turns resting spent in this place as a percentage of non-inter-level travel turns spent in this place.
 E = Turns spent auto-exploring this place as a percentage of non-inter-level travel turns spent in this place.
 F = Non-inter-level travel turns spent in this place divided by the number of levels of this place that you've seen.
                   A       B       C       D       E      F
               +-------+-------+-------+-------+-------+----------------------
         Total | 100.0 | 100.0 |   3.1 |  25.5 |  55.5 | 619.5
       Dungeon | 100.0 | 100.0 |   3.1 |  25.5 |  55.5 | 619.5
               +-------+-------+-------+-------+-------+----------------------
